 Dungeon Crawl Stone Soup version 0.21-a0-437-ge5bf024 (webtiles) character file.

4 slep the Skirmisher (level 1, -3/20 HPs)
             Began as a Minotaur Abyssal Knight on Nov 10, 2017.
             Was a Follower of Lugonu.
             Killed from afar by a dart slug (6 damage)
             ... with a slug dart
             ... on level 1 of the Dungeon.
             The game lasted 00:00:47 (171 turns).

slep the Skirmisher (Minotaur Abyssal Knight)        Turns: 171, Time: 00:00:48

Health: -3/20      AC:  3    Str: 16    XL:     1   Next: 58%
Magic:  1/1        EV: 11    Int:  9    God:    Lugonu [*.....]
Gold:   5          SH:  0    Dex:  9    Spells: 0/0 levels left

rFire    . . .     SeeInvis .   a - +1 falchion
rCold    . . .     Gourm    .   (no shield)
rNeg     . . .     Faith    .   b - +0 leather armour
rPois    .         Spirit   .   (helmet restricted)
rElec    .         Reflect  .   (no cloak)
rCorr    .         Harm     .   (no gloves)
MR       .....                  (no boots)
Stlth    +.........             (no amulet)
HPRegen  0.06/turn              (no ring)
MPRegen  0.07/turn              (no ring)

@: no status effects
A: retaliatory headbutt, horns 2
a: Depart the Abyss, Renounce Religion


You were on level 1 of the Dungeon.
You worshipped Lugonu.
Lugonu was aware of your devotion.
You were not hungry.

You visited 1 branch of the dungeon, and saw 1 of its levels.
You visited the Abyss 1 time.

You collected 5 gold pieces.

Inventory:

Hand Weapons
 a - a +1 falchion (weapon)
Armour
 b - a +0 leather armour (worn)
Comestibles
 c - a bread ration
 d - a meat ration


   Skills:
 + Level 3.8 Fighting
 + Level 2.7 Long Blades
 + Level 2.5 Armour
 + Level 1.1 Dodging
 + Level 1.7 Invocations


You couldn't memorise any spells.
You didn't know any spells.

Dungeon Overview and Level Annotations

Branches:
Dungeon (1/15)

Altars:


Innate Abilities, Weirdness & Mutations

You reflexively headbutt those who attack you in melee.
You have a pair of horns on your head.


Message History

The leopard gecko bites you.
* * * LOW HITPOINT WARNING * * *
You completely miss the leopard gecko. The leopard gecko bites you.
* * * LOW HITPOINT WARNING * * *
You miss the leopard gecko. The leopard gecko closely misses you.
You riposte.
You hit the leopard gecko.
You kill the leopard gecko!
Lugonu accepts your kill.
Found an escape hatch in the floor.
Found a hunting sling.
A frilled lizard comes into view.
The frilled lizard hisses angrily.
A dart slug comes into view.
You closely miss the frilled lizard. The frilled lizard bites you.
* * * LOW HITPOINT WARNING * * *
You closely miss the frilled lizard. The frilled lizard bites you.
* * * LOW HITPOINT WARNING * * *
The dart slug launches a dart at you. The slug dart hits you!
You die...

#.##.#..# #........#8.8
#.##.#..# .#........#...
#.......# .#...⌠....##'#
####.#####.##...........
#.# ....######....<. #.#
....... ##..... #.#
....... ###### #.###l).#
#...@...# ####.......#
###w..... #.#.## .....
...# ..# ..#


You could see a dart slug and a frilled lizard.

Vanquished Creatures
  A leopard gecko (D:1)
  A hobgoblin (D:1)
  2 rats (D:1)
4 creatures vanquished.

Notes
Turn   | Place    | Note
-------+----------+-------------------------------------------
     0 | Abyss:1  | slep the Minotaur Abyssal Knight began the quest for the Orb.
     0 | Abyss:1  | Reached XP level 1. HP: 19/19 MP: 1/1
    48 | Abyss:1  | Noticed a small abomination
    49 | Abyss:1  | Noticed a hellwing
    51 | Abyss:1  | Noticed a smoke demon
    54 | D:1      | Escaped the Abyss
   117 | D:1      | Reached * piety under Lugonu
   171 | D:1      | Killed from afar by a dart slug

Vault maps used:
D:1:      giann_wishing_wells, minmay_misc_feat_nine_boxes, serial_bayou_pond_e,
          st_stairs_6

Action                   || total
-------------------------++-------
Melee: Falchion          ||    12
Invok: Depart the Abyss  ||     1
Armor: Leather armour    ||     3
Dodge: Dodged            ||     4
       Rpst.: Falchion   ||     1

Table legend:
 A = Spawn XP
 B = Non-spawn XP
 C = Spawn XP percentage of total XP
 D = Spawn monster count
 E = Non-spawn monster count
 F = Spawn count percentage of total count
 G = Total turns spent on level
                    A         B        C        D         E        F      G
               +---------+---------+-------+---------+---------+-------+---------
         Total |       0 |       7 |   0.0 |       0 |       4 |   0.0 |   171
               +---------+---------+-------+---------+---------+-------+---------
           D:1 |       0 |       7 |   0.0 |       0 |       4 |   0.0 |   117
               +---------+---------+-------+---------+---------+-------+---------
